AoeStats
← Runxi24

Arena

509301801Analyzed
3v3 RM · 5d ago on Sep 26, 2026· 41m 4s· 6 players
Game mode
Random Map
Map size
Normal (6 player)
Population
200
Speed
Normal
Resources
Standard
Victory
Conquest
Starting age
Dark Age
Ending age
Imperial Age
RankedLock teamsTeams togetherTeam positionsShared explorationLock speedFull tech treeHidden civsTurbo modeCheats
Victory
Defeat
🇨🇳 Italians · China
1286
+12
1228
+15
🇨🇳 Cumans · China
1118
+19
🇪🇸 Portuguese · Spain
1209
-16
🇨🇳 Saracens · China
1207
-16
🇹🇷 Japanese · Türkiye
1173
-14
esse
2:53 Loom
10:37 Feudal Age
11:34 Town Watch
17:02 Castle Age
15:48 Double-Bit Axe
19:45 Bow Saw
24:59 Town Patrol
25:44 Wheelbarrow
27:11 Fletching
27:23 Padded Archer Armor
26:54 Elite Skirmisher
28:48 Fortified Wall
28:40 Horse Collar
29:30 Redemption
29:32 Bodkin Arrow
29:54 Leather Archer Armor
31:45 Sanctity
32:30 Pikeman
34:10 Murder Holes
35:16 Squires
35:44 Guard Tower
39:22 Imperial Age
37:23 Scale Mail Armor
38:34 Hand Cart
39:29 Fervor
wuyu
11:55 Feudal Age
16:16 Castle Age
14:41 Double-Bit Axe
19:44 Horse Collar
23:22 Loom
24:23 Wheelbarrow
26:40 Town Watch
27:53 Stone Mining
27:54 Gold Mining
28:53 Husbandry
34:59 Imperial Age
33:18 Forging
33:14 Scale Barding Armor
33:25 Bloodlines
34:49 Iron Casting
35:43 Hand Cart
36:03 Chain Barding Armor
36:44 Blast Furnace
36:10 Conscription
36:09 Bow Saw
35:49 Light Cavalry
37:20 Elite Mameluke
38:39 Plate Barding Armor
39:12 Hussar
Runxi24
9:56 Feudal Age
13:49 Castle Age
12:23 Double-Bit Axe
14:14 Loom
19:06 Bow Saw
19:40 Fletching
26:55 Imperial Age
28:36 Chemistry
37:04 Bodkin Arrow
37:55 Crossbowman
39:02 Thumb Ring
38:31 Arbalester
欧泡
8:49 Feudal Age
9:33 Double-Bit Axe
10:17 Horse Collar
21:12 Castle Age
19:59 Wheelbarrow
19:37 Scale Barding Armor
20:26 Forging
20:59 Bloodlines
22:10 Heavy Plow
22:22 Bow Saw
22:36 Chain Barding Armor
22:19 Gold Mining
22:07 Capped Ram
26:30 Iron Casting
27:20 Gold Shaft Mining
27:26 Hand Cart
32:43 Imperial Age
32:55 Loom
33:05 Stone Mining
33:34 Cavalier
34:50 Plate Barding Armor
35:16 Blast Furnace
35:41 Siege Ram
37:29 Paladin
39:43 Scale Mail Armor
懒羊羊<爱睡懒觉版>
10:12 Feudal Age
13:53 Castle Age
25:09 Horse Collar
26:26 Double-Bit Axe
28:33 Bow Saw
29:46 Gold Mining
29:59 Heavy Plow
30:42 Wheelbarrow
29:53 Loom
29:54 Town Watch
33:45 Imperial Age
31:56 Hand Cart
31:55 Fletching
32:06 Padded Archer Armor
32:20 Forging
33:48 Gold Shaft Mining
33:06 Stone Mining
33:27 Bodkin Arrow
33:48 Leather Archer Armor
33:39 Scale Barding Armor
34:06 Elite Mangudai
35:06 Conscription
34:37 Light Cavalry
35:30 Bracer
36:06 Iron Casting
35:46 Bloodlines
35:37 Husbandry
36:55 Stone Shaft Mining
35:59 Hussar
37:23 Chain Barding Armor
39:50 Ballistics
40:31 Chemistry
微辣十三香
10:59 Feudal Age
14:40 Castle Age
12:29 Double-Bit Axe
12:46 Horse Collar
14:10 Loom
14:39 Gold Mining
24:34 Imperial Age
23:31 Bow Saw
23:16 Fletching
23:53 Ballistics
23:27 Loom
24:34 Bodkin Arrow
25:34 Wheelbarrow
26:14 Chemistry
26:32 Town Watch
27:19 Stone Mining
27:46 Treadmill Crane
28:09 Bracer
29:08 Hand Cart
29:03 Padded Archer Armor
30:08 Conscription
32:44 Masonry
32:59 Bloodlines
32:31 Light Cavalry
33:58 Thumb Ring
33:46 Hussar
34:27 Husbandry
36:01 Leather Archer Armor
36:00 Elite Genoese Crossbowman
37:06 Heavy Plow
40:22 Squires
40:56 Ring Archer Armor
41:32 Forging
Connection lost

Rejoining the realm…

Still unreachable

The connection could not be restored.

Session expired

The server has moved on; the page needs a fresh start.